 Dungeon Crawl Stone Soup version 0.19.1-1-g22dce08 (webtiles) character file.

519 Alarkh the Cleaver (level 7, 57/57 HPs)
             Began as a Purple Draconian Monk on Jan 18, 2017.
             Quit the game on level 6 of the Dungeon.
             The game lasted 00:06:39 (3039 turns).

Alarkh the Cleaver (Purple Draconian Monk)          Turns: 3039, Time: 00:06:40

Health: 57/57      AC: 10    Str: 15    XL:     7   Next: 1%
Magic:  16/16      EV: 11    Int: 12    God:
Gold:   92         SH:  0    Dex: 14    Spells: 0 memorised, 6 levels left

rFire  . . .     SeeInvis .     a - +4 hand axe
rCold  . . .     Gourm    .     (armour unavailable)
rNeg   . . .     Faith    .     (no shield)
rPois  .         Spirit   .     (helmet restricted)
rElec  .         Reflect  .     x - +2 cloak
rCorr  .         Harm     .     h - +0 pair of gloves
MR     +....                    (no boots)
Stlth  +.........               p - amulet of regeneration
                                w - +2 ring of strength
                                f - ring of magical power

@: heavily drained
A: breathe power, unfitting armour, cold-blooded, AC +6
a: Breathe Dispelling Energy


You were on level 6 of the Dungeon.
You were hungry.

You visited 1 branch of the dungeon, and saw 6 of its levels.

You collected 92 gold pieces.

Inventory:

Hand Weapons
 a - a +4 hand axe (weapon)
Armour
 h - a +0 pair of gloves (worn)
 x - a +2 cloak (worn)
Jewellery
 f - a ring of magical power (left hand)
 l - the amulet "Gaijenipt" {Harm *Drain Str+4}
   (You found it on level 6 of the Dungeon)

   [amulet of harm]

   It increases damage dealt and taken.
   It affects your strength (+4).
   It causes draining when unequipped.
 p - an amulet of regeneration (around neck)
 w - a +2 ring of strength (right hand)
Scrolls
 c - a scroll of immolation {unknown}
 e - a scroll of identify
 k - 2 scrolls of remove curse
 n - a scroll of fog {unknown}
 o - a scroll of teleportation {unknown}
 q - a scroll of random uselessness {unknown}
 t - a scroll of enchant weapon
 v - a scroll of amnesia {unknown}
Potions
 d - a potion of ambrosia
 g - a potion of resistance
 i - a potion of heal wounds
 j - a potion of berserk rage
 r - a potion of cancellation {unknown}
 u - a potion of might {unknown}
 z - a potion of degeneration {unknown}
Comestibles
 b - 5 bread rations
 m - 8 meat rations
 s - a beef jerky


   Skills:
 - Level 3.2(1.2) Fighting
 + Level 8.0(5.7) Axes
 - Level 2.6(0.6) Dodging
 - Level 1.7(0.0) Stealth


You had 6 spell levels left.
You didn't know any spells.

Dungeon Overview and Level Annotations

Branches:
Dungeon (7/15)
 Temple: D:4-7

Altars:
Ashenzari
Fedhas
Ru
Sif Muna


Innate Abilities, Weirdness & Mutations

You can breathe bolts of dispelling energy.
Your rich purple scales are hard. (AC +6)
You cannot fit into any form of body armour.
You are cold-blooded and may be slowed by cold attacks.


Message History

The hound zombie is severely damaged.
The hound zombie bites you.
You barely miss the hound zombie.
The hound zombie is severely damaged.
The hound zombie closely misses you.
You slash the hound zombie!
You destroy the hound zombie!
You have reached level 7!
Your scales start taking on a rich purple colour.
You learn Spellcasting much quicker.
You learn Hexes much quicker.
You learn Charms much quicker.
You learn Evocations quicker.
You can breathe bolts of dispelling energy.
Okay, then.
Unknown command.
A worker ant comes into view.
The worker ant twitches its antennae in your direction.
(D) Dungeon
Where to? (Enter - D:4, ? - help)
Okay, then.
Are you sure you want to abandon this character and quit the game? (Confirm with "yes".)

#..###..#.#..#
#..#....#.#..# #
#..###..###..#
##.#####.............
#.........###..###..#
#.###.###.#.#..#.#..#
#.# #.#.#..#.#..#
##.###.# #............
#....@.###.#.#..###..#
#...#.####..#.#....#..#
...
.>.......###..###..# #
...#a#####............
#..... ####.#.###...
#.# #. #.### #.## #.#
#. #.# #.. #.. .. #.#
##.# #.# #.# #.#


You could see a worker ant.

Vanquished Creatures
  2 bullfrogs
  A scorpion (D:4)
  A centaur skeleton (D:4)
  An orc wizard (D:3)
  Natasha (twice) (D:3)
  Terence (D:2)
  A hound zombie (D:6)
  5 adders
  4 gnolls
  4 worms
  4 dart slugs (D:1)
  4 leopard geckos
  4 orcs
  4 giant cockroaches
  8 goblins
  8 hobgoblins
  4 jackals
  9 kobolds
  A quokka (D:3)
  5 bats
  8 frilled lizards
  12 rats
93 creatures vanquished.

Notes
Turn   | Place    | Note
-------+----------+-------------------------------------------
     0 | D:1      | Alarkh the Draconian Monk began the quest for the Orb.
     0 | D:1      | Reached XP level 1. HP: 19/19 MP: 1/1
   166 | D:1      | Reached XP level 2. HP: 17/26 MP: 2/2
   323 | D:1      | Reached skill level 4 in Axes
   491 | D:1      | Reached XP level 3. HP: 27/31 MP: 3/3
  1170 | D:2      | Reached XP level 4. HP: 38/38 MP: 4/4
  1260 | D:2      | Reached skill level 5 in Axes
  1506 | D:2      | Found a blossoming altar of Fedhas.
  1693 | D:3      | Noticed Terence
  1729 | D:2      | Killed Terence
  1887 | D:3      | Found a sacrificial altar of Ru.
  1896 | D:3      | Found a deep blue altar of Sif Muna.
  1991 | D:3      | Noticed Natasha
  2004 | D:2      | Reached XP level 5. HP: 22/45 MP: 5/5
  2111 | D:3      | Reached skill level 6 in Axes
  2183 | D:3      | Killed Natasha
  2455 | D:3      | Noticed Natasha
  2462 | D:3      | Killed Natasha
  2462 | D:3      | Reached XP level 6. HP: 39/51 MP: 6/6
  2563 | D:4      | Reached skill level 7 in Axes
  2715 | D:4      | Found a shattered altar of Ashenzari.
  2743 | D:4      | You fall through a shaft for 3 floors!
  2833 | D:6      | Got a coiled diamond amulet
  2835 | D:6      | Identified the amulet "Gaijenipt" {Harm *Drain Str+4} (You found it on level 6 of the Dungeon)
  2848 | D:6      | Reached skill level 8 in Axes
  3015 | D:6      | Your scales start taking on a rich purple colour.
  3015 | D:6      | Reached XP level 7. HP: 54/57 MP: 7/7
  3039 | D:6      | Quit the game

Skill      XL: |  1  2  3  4  5  6 |
---------------+-------------------+-----
Axes           | 4 5 6 8 |  8.0
Fighting       | |  3.2
Dodging        | |  2.6
Stealth        | |  1.7

Action                   |  1- 3 |  4- 6 |  7- 9 || total
-------------------------+-------+-------+-------++-------
Melee: Hand axe          |   125 |   267 |       ||   392
       Tailslap          |    16 |    35 |       ||    51
  Use: Scroll            |       |     9 |       ||     9
       Potion            |       |     1 |       ||     1
 Stab: Sleeping          |     3 |       |       ||     3
  Eat: Chunk             |     1 |     6 |       ||     7
Armor: Skin              |    27 |   120 |       ||   147
Dodge: Dodged            |    80 |   222 |       ||   302
